 Dungeon Crawl Stone Soup version 0.21.1-1-g345015f (webtiles) character file.

65 shakethe the Chopper (level 4, -1/35 HPs)
             Began as a Formicid Abyssal Knight on Feb 7, 2018.
             Was a Follower of Lugonu.
             Slain by an orc priest
             ... wielding a +0 hand axe
              (8 damage)
             ... on level 2 of the Dungeon.
             The game lasted 00:03:24 (2774 turns).

shakethe the Chopper (Formicid Abyssal Knight)      Turns: 2774, Time: 00:03:25

Health: -1/35      AC:  3    Str: 16    XL:     4   Next: 34%
Magic:  5/5        EV: 11    Int: 12    God:    Lugonu [*.....]
Gold:   142        SH:  0    Dex: 11    Spells: 3/3 levels left

rFire    . . .     SeeInvis +   a - +1 hand axe
rCold    . . .     Gourm    .   (no shield)
rNeg     . . .     Faith    .   b - +0 leather armour
rPois    .         Spirit   .   (helmet unavailable)
rElec    .         Reflect  .   (no cloak)
rCorr    .         Harm     .   (no gloves)
MR       .....                  (no boots)
Stlth    +.........             (no amulet)
HPRegen  0.11/turn              (no ring)
MPRegen  0.09/turn              (no ring)

@: no status effects
A: permanent stasis, dig shafts and tunnels, four strong arms, antennae 3
a: Dig, Shaft Self, Depart the Abyss, Renounce Religion


You were on level 2 of the Dungeon.
You worshipped Lugonu.
Lugonu was aware of your devotion.
You were not hungry.

You visited 1 branch of the dungeon, and saw 2 of its levels.
You visited the Abyss 1 time.

You collected 142 gold pieces.

Inventory:

Hand Weapons
 a - a +1 hand axe (weapon)
Armour
 b - a +0 leather armour (worn)
Jewellery
 l - an uncursed amulet of faith {unknown}
Scrolls
 d - a scroll of teleportation {unknown}
 g - a scroll of enchant weapon {unknown}
 h - a scroll of identify {unknown}
 i - 2 scrolls of amnesia {unknown}
 j - 3 scrolls of fog {unknown}
 k - 2 scrolls of magic mapping {unknown}
Potions
 e - a potion of heal wounds {unknown}
 f - 2 potions of degeneration {unknown}
Comestibles
 c - 3 rations


   Skills:
 - Level 3.5 Fighting
 + Level 4.1 Axes
 - Level 2.1 Armour
 - Level 0.8 Dodging
 - Level 2.1 Invocations


You had 3 spell levels left.
You didn't know any spells.

Dungeon Overview and Level Annotations

Branches:
Dungeon (2/15)

Altars:
Ru


Innate Abilities, Weirdness & Mutations

You cannot be hasted, slowed, berserked, paralysed or teleported.
You can dig through walls and to a lower floor.
Your four strong arms can wield two-handed weapons with a shield.
You have a pair of large antennae on your head. (SInv)


Message History

The orc priest is moderately wounded.
You hit the orc priest.
The orc priest is heavily wounded.
The orc priest hits you with a hand axe.
You hit the orc priest but do no damage.
The orc priest is heavily wounded.
The orc priest closely misses you.
You hit the orc priest.
The orc priest is heavily wounded.
The orc priest hits you but does no damage.
You hit the orc priest.
The orc priest is almost dead.
The orc priest hits you with a hand axe.
* * * LOW HITPOINT WARNING * * *
You barely miss the orc priest.
The orc priest is almost dead.
The orc priest calls down the wrath of Beogh upon you.
You barely resist.
The orc priest hits you with a hand axe!
You die...

#..#........................#
#..#.########...###########.#
#..#.# #...# #.# #..#.# #...# #.#
####.#.########...# #.#
#.............#...###############
#.##.#.######.#...#......†.......
#.##.#........#...#..#...#...#...
#.##.##########.@.#_.............
#...............o.#..#...#...#...
#.....##########..#..............
#.....# #........###############
#.....# #.####.#..# #.........#
#.....# #.# #.#..# #.........#
#.....####'####....####.........#
#.######.............##....<....#
#.######.............##..[......#


You could see an orc priest.

Vanquished Creatures
  5 dart slugs
  3 orcs (D:1)
  8 bats
  8 hobgoblins
  A ball python (D:2)
  2 frilled lizards (D:2)
  7 goblins
  11 kobolds
  A quokka skeleton (D:2)
  4 rats
50 creatures vanquished.

Vanquished Creatures (others)
  4 toadstools (D:1)
4 creatures vanquished.

Grand Total: 54 creatures vanquished

Notes
Turn   | Place    | Note
-------+----------+-------------------------------------------
     0 | Abyss:1  | shakethe the Formicid Abyssal Knight began the quest for the Orb.
     0 | Abyss:1  | Reached XP level 1. HP: 18/18 MP: 2/2
     5 | Abyss:1  | Found a corrupted altar of Lugonu.
    67 | Abyss:1  | Noticed a small abomination
    70 | D:1      | Escaped the Abyss
   366 | D:1      | Reached XP level 2. HP: 17/24 MP: 3/3
   598 | D:1      | Reached * piety under Lugonu
   616 | D:1      | Reached skill level 3 in Axes
   616 | D:1      | Reached XP level 3. HP: 18/29 MP: 4/4
  1463 | D:2      | Found a faded altar of an unknown god.
  1839 | D:2      | Reached XP level 4. HP: 29/35 MP: 5/5
  2317 | D:2      | Found a sacrificial altar of Ru.
  2318 | D:2      | Reached skill level 4 in Axes
  2774 | D:2      | Slain by an orc priest

Skill      XL: |  1  2  3  4 |
---------------+-------------+-----
Axes           | 3 4 |  4.1
Fighting       | |  3.5
Armour         | |  2.1
Dodging        | |  0.8
Invocations    | |  2.1

Action                   |  1- 3 |  4- 6 || total
-------------------------+-------+-------++-------
Melee: Hand axe          |    99 |    45 ||   144
Invok: Depart the Abyss  |     1 |       ||     1
  Eat: Chunk             |     2 |     4 ||     6
Armor: Leather armour    |    26 |     5 ||    31
Dodge: Dodged            |    47 |    23 ||    70
